 Dungeon Crawl Stone Soup version 0.24.0-2-g5b39cebb1c (webtiles) character file.

Game seed: 16699744531940030775, levelgen mode: deterministic

125 Arixos the Ducker (level 4, -4/27 HPs)
             Began as a Vampire Warper on Oct 31, 2019.
             Was an Initiate of Ru.
             Slain by Terence
             ... wielding a +0 flail
              (8 damage)
             ... on level 2 of the Dungeon.
             The game lasted 00:07:48 (1996 turns).

Arixos the Ducker (Vampire Warper)                  Turns: 1996, Time: 00:07:49

Health: -4/27      AC:  4    Str: 11    XL:     4   Next: 82%
Magic:  7/7        EV: 12    Int: 15    God:    Ru [......]
Gold:   110        SH:  4    Dex: 13    Spells: 2/8 levels left

rFire    . . .     SeeInvis +   a - +0 falchion
rCold    + + .     Gourm    .   (no shield)
rNeg     + + +     Faith    .   b - +0 leather armour
rPois    ∞         Spirit   .   (no helmet)
rElec    .         Reflect  +   q - +0 cloak
rCorr    .         Harm     .   (no gloves)
MR       .....                  (no boots)
Stlth    +++.......             h - +4 amulet of reflection
HPRegen  0.00/turn              (no ring)
MPRegen  0.10/turn              (no ring)

@: bloodless, regenerating quickly
A: no food, fangs 3, see invisible, unbreathing
a: Bat Form, Revivify, Renounce Religion


You were on level 2 of the Dungeon.
You worshipped Ru.
Ru was noncommittal.
You were bloodless.

You visited 1 branch of the dungeon, and saw 3 of its levels.

You collected 110 gold pieces.

Inventory:

Hand Weapons
 a - a +0 falchion (weapon)
Armour
 b - a +0 leather armour (worn)
 q - a +0 cloak (worn)
Jewellery
 h - a +4 amulet of reflection (around neck)
 s - an uncursed ring of protection from fire {unknown}
Scrolls
 d - 2 scrolls of blinking
 e - a scroll of magic mapping {unknown}
 g - 3 scrolls of identify {unknown}
 k - 2 scrolls of remove curse {unknown}
 l - 2 scrolls of enchant armour {unknown}
 p - a scroll of immolation {unknown}
 r - a scroll of fear {unknown}
 t - a scroll of teleportation {unknown}
Potions
 c - 2 potions of brilliance {unknown}
 f - 4 potions of curing {unknown}
 i - a potion of degeneration {unknown}
 j - a potion of berserk rage {unknown}
 m - a potion of agility {unknown}
 n - a potion of heal wounds {unknown}
 o - 2 potions of mutation {unknown}


   Skills:
 + Level 2.4 Fighting
 + Level 2.7 Long Blades
 - Level 0.7 Throwing
 + Level 1.7 Armour
 + Level 3.1 Dodging
 + Level 2.6 Spellcasting
 + Level 2.7 Translocations


You had 2 spell levels left.
You knew the following spells:

 Your Spells              Type           Power        Failure   Level  Hunger
e - Blink                 Tloc           N/A          14%         2    N/A
E - Passage of Golubria   Tloc           N/A          65%         4    N/A

Your spell library contained the following spells:

 Spells                   Type           Power        Failure   Level  Hunger
 Shroud of Golubria       Chrm/Tloc      #.....       24%         2    N/A
 Gell's Gravitas          Tloc           ##........   26%         3    N/A
 Lesser Beckoning         Tloc           ##........   26%         3    N/A
 Teleport Other           Tloc           ##......     26%         3    N/A

Dungeon Overview and Level Annotations

Branches:
Dungeon (3/15)

Altars:
Gozag
Ru
Uskayaw

Annotations:
D:2 Terence


Innate Abilities, Weirdness & Mutations

You do not eat.
You do not regenerate when monsters are visible.
You are frail without blood (-20% HP).
You can heal yourself when you bite living creatures.
You are immune to poison.
You have razor-sharp teeth.
You have supernaturally acute eyesight. (SInv)
You can survive without breathing.


Message History

Terence misses you.
You riposte.
You barely miss Terence.
Terence is lightly wounded.
You hit Terence but do no damage.
Terence is lightly wounded.
Terence hits you but does no damage.
You hit Terence. Your bite misses Terence.
Terence is moderately wounded.
You block Terence's attack.
You closely miss Terence. You bite Terence.
You draw Terence's blood!
You feel better.
Terence is moderately wounded.
Terence hits you but does no damage.
You hit Terence but do no damage.
Terence is moderately wounded.
Terence hits you with a +0 flail!
* * * LOW HITPOINT WARNING * * *
You barely miss Terence.
Terence is moderately wounded.
Terence hits you with a +0 flail!
You die...

..###
..# ..#
### ♣♣
♣♣.♣♣
....
♣..♣♣
♣.@♣
♣.@♣
####
♣♣.♣♣
...#
♣..♣
...##
♣..♣♣ .♣
....#
♣♣..♣
♣.♣
###.#
♣..♣♣
♣.♣ #
#.#♣♣♣
♣♣..♣
♣.♣ #
#....♣
♣♣.♣♣♣.♣
#
###♣.♣♣
♣.♣...♣


You could see Terence.

Vanquished Creatures
  A hound skeleton (D:3)
  2 adders
  An ooze (D:1)
  2 dart slugs (D:1)
  2 leopard geckos
  3 giant cockroaches
  6 goblins
  11 hobgoblins
  9 jackals
  10 kobolds
  4 ball pythons
  12 bats
  7 frilled lizards
  10 rats
80 creatures vanquished.

Notes
Turn   | Place    | Note
-------+----------+-------------------------------------------
     0 | D:1      | Arixos the Vampire Warper began the quest for the Orb.
     0 | D:1      | Reached XP level 1. HP: 16/16 MP: 3/3
   175 | D:1      | Reached skill level 1 in Armour
   230 | D:1      | Reached XP level 2. HP: 21/22 MP: 5/5
   277 | D:1      | Learned a level 2 spell: Blink
   399 | D:1      | Reached XP level 3. HP: 26/27 MP: 6/6
  1260 | D:2      | Reached XP level 4. HP: 22/33 MP: 7/7
  1492 | D:2      | Reached skill level 3 in Dodging
  1520 | D:2      | Found a sacrificial altar of Ru.
  1537 | D:2      | Found a hide-covered altar of Uskayaw.
  1562 | D:2      | Became a worshipper of Ru the Awakened
  1568 | D:2      | Learned a level 4 spell: Passage of Golubria
  1729 | D:2      | You fall into a shaft and drop 1 floor!
  1849 | D:3      | Found an opulent altar of Gozag.
  1975 | D:2      | Noticed Terence
  1996 | D:2      | Slain by Terence

Levels and vault maps discovered:
D:1:      dpeg_arrival_morbid_curiosity, layout_basic
D:2:      kb_forest_paths, layout_basic, eat_drink_and_be_merry_uskayaw,
          hangedman_ru_absence, uniq_terence
D:3:      layout_basic, grunt_decor_clamped, minmay_strange_pillars,
          nicolae_gozag_cash_rules_everything_around_me

Skill      XL: |  1  2  3  4 |
---------------+-------------+-----
Armour         | 1 |  1.7
Fighting       | 2 |  2.4
Dodging        | 3 |  3.1
Long Blades    | |  2.7
Throwing       | |  0.7
Spellcasting   | |  2.6
Translocations | |  2.7

Action                   |  1- 3 |  4- 6 || total
-------------------------+-------+-------++-------
Melee: Falchion          |   126 |    85 ||   211
       Bite              |    16 |     7 ||    23
 Abil: Exsanguinate      |       |     1 ||     1
 Stab: Sleeping          |       |     2 ||     2
Armor: Leather armour    |    39 |    29 ||    68
Dodge: Dodged            |   116 |    57 ||   173
Block: Other             |       |    18 ||    18
       Rpst.: Falchion   |    31 |    19 ||    50
